 Dungeon Crawl Stone Soup version 0.18-a0-1526-gcb34c7c (console) character file.

1881 utis the Ducker (level 8, -1/48 HPs)
             Began as a Deep Elf Earth Elementalist on Mar 8, 2016.
             Was an Initiate of Elyvilon.
             Slain by Galewind's ghost (17 damage)
             ... on level 6 of the Dungeon.
             The game lasted 00:31:24 (10699 turns).

utis the Ducker (Deep Elf Earth Elementalist)      Turns: 10699, Time: 00:31:24

Health: -1/48      AC:  7    Str:  7    XL:     8   Next: 91%
Magic:  3/16       EV: 12    Int: 21    God:    Elyvilon [......]
Gold:   274        SH:  0    Dex: 15    Spells: 4 memorised, 4 levels left

rFire  . . .     SeeInvis .     b - 54 stones {=f}
rCold  . . .     Gourm    .     O - +0 ring mail
rNeg   . . .     Faith    .     (no shield)
rPois  .         Spirit   .     j - +0 helmet
rElec  .         Dismiss  .     (no cloak)
rCorr  .         Reflect  .     (no gloves)
SustAt .         Harm     .     Q - +0 pair of boots
MR     .....                    (no amulet)
Stlth  +.........               Z - ring of wizardry
                                (no ring)

@: very slightly contaminated, heavily drained, not resistant to hostile
enchantments, very unstealthy
A: no striking features
a: Renounce Religion


You were on level 6 of the Dungeon.
You worshipped Elyvilon.
Elyvilon was noncommittal.
You were not hungry.

You visited 2 branches of the dungeon, and saw 7 of its levels.
You also visited: Sewer.

You collected 274 gold pieces.

Inventory:

Hand Weapons
 a - a +1 dagger of venom
 d - a +0 hunting sling
 h - a +0 club
 i - a +0 short sword
 l - a -1 club
 x - a +0 dagger
 J - a +0 flail
Missiles
 b - 54 stones (in hand) {=f}
 n - 63 bolts
 p - 10 poisoned needles
 w - 13 arrows
 E - 44 sling bullets
 H - 7 tomahawks (quivered)
 M - 8 javelins
Armour
 j - a +0 helmet (worn)
 o - a +0 robe
 K - a +0 scale mail
 O - a +0 ring mail (worn)
 P - a +0 leather armour
 Q - a +0 pair of boots (worn)
 S - a +1 robe of magic resistance
Rods
 G - a +3 rod of shadows (10/10)
   (You found it in a sewer)
Jewellery
 R - a cursed ring of teleportation {unknown}
 Z - a ring of wizardry (right hand)
Wands
 F - a wand of lightning (10/15)
Scrolls
 q - a scroll of immolation
 s - 4 scrolls of teleportation {@r4}
 v - a scroll of fear
 C - a scroll of enchant armour {unknown}
 T - a scroll of random uselessness {unknown}
 U - a scroll of recharging {unknown}
Potions
 e - 2 potions of mutation {!q}
 g - 2 potions of haste {@q3}
 m - a potion of brilliance
 r - a potion of resistance {unknown}
 u - 4 potions of curing {unknown}
 z - a potion of cure mutation {unknown}
 B - 2 potions of ambrosia {unknown}
 I - 2 potions of might {unknown}
 N - 2 potions of agility {unknown}
 V - 2 potions of flight {unknown}
Books
 t - a book of Geomancy

   Spells                             Type                      Level
   a - Sandblast                      Earth                        1
   b - Passwall                       Transmutation/Earth          2
   c - Stone Arrow                    Conjuration/Earth            3
   d - Petrify                        Transmutation/Earth          4
   e - Lee's Rapid Deconstruction     Earth                        5
 y - a book of Enchantments

   Spells                             Type                      Level
   a - Cause Fear                     Hexes                        4
   b - Yara's Violent Unravelling     Hexes/Transmutation          5
   c - Silence                        Hexes/Air                    5
   d - Deflect Missiles               Charms/Air                   6
   e - Haste                          Charms                       6
   f - Discord                        Hexes                        8
Comestibles
 c - 6 bread rations {@e1}
 f - 3 beef jerkies {@e2}
 k - 5 meat rations {@e1}
 L - 2 slices of pizza {@e2}


   Skills:
 * Level 4.9(3.7) Fighting
 - Level 3.0(1.9) Short Blades
 + Level 2.5(1.3) Armour
 * Level 7.5(6.2) Dodging
 - Level 2.4(1.3) Stealth
 - Level 4.2(3.0) Spellcasting
 - Level 1.1(0.0) Transmutations
 - Level 7.0(5.7) Earth Magic


You had 4 spell levels left.
You knew the following spells:

 Your Spells              Type           Power        Failure   Level  Hunger
d - Lee's Rapid Deconstr  Erth           ####......   65%         5    ######.
t - Stone Arrow           Conj/Erth      ###...       19%         3    ###....
w - Passwall              Trmt/Erth      ###.......   9%          2    ##.....
z - Sandblast             Erth           ####..       1%          1    None


Dungeon Overview and Level Annotations

Branches:
Dungeon (6/15)             Temple (1/1) D:6

Altars:
Cheibriados
Elyvilon
Fedhas
Gozag
Kikubaaqudgha
Makhleb
Nemelex Xobeh
Okawaru
Pakellas
Qazlal
Ru
Sif Muna
Trog
Xom
Yredelemnul
Zin
The Shining One

Annotations:
D:6 Galewind's ghost, novice DrCj


Message History

Ouch! That really hurt!
* * * LOW HITPOINT WARNING * * *
Unknown command.
Drink which item? (? for menu, Esc to quit)
You feel much better. Galewind's ghost hits you.
You are electrocuted!
* * * LOW HITPOINT WARNING * * *
Unknown command.
Drink which item? (? for menu, Esc to quit)
Okay, then.
Casting: Sandblast
Confirm with . or Enter, or press ? or * to list all spells.
Aiming: Sandblast
Press: ? - help, Shift-Dir - straight line, f/p - Galewind's ghost
Aim: Galewind's ghost, wielding a weapon of electrocution (almost destroyed, catching its breath)
The rocky blast misses Galewind's ghost.
* * * LOW MAGIC WARNING * * *
Galewind's ghost hits you but does no damage.
You are electrocuted!
You die...

.....░░............░░ ░
.....░..░.░░░░.....░ ░░░
........░.░ ░░░░░░░ ░░░..
........░.░ ░░░....
....░...░.░ ░░░......
..░░).░...░░░░░░░░░░
░░░......░░
.░░░..░............░
░░....).░░░
.░░..░░...>........░░░....░░░░
.░░..░░.........eW......░░░
.░..░░░...............░░░
....░░░░............░░░ ░
.................░░░░ .
.░░░+░░░..░>...░░░ . .
░.....░░░ . ░...░░░ . ░░░..░░
. ░░░.. .


You could see Galewind's ghost.

Vanquished Creatures
  Pikel (D:6)
  The ghost of bl4d3 the Skirmisher, an amateur GrFi (D:3)
  2 ice beasts (D:5)
  2 ogres (D:5)
  A giant frog (Sewer)
  3 scorpions
  2 howler monkeys (D:4)
  A crimson imp (D:5)
  A hound (D:5)
  An orc wizard (D:3)
  A giant frog skeleton (D:4)
  5 worker ants
  2 worker ant zombies (D:5)
  17 adders
  7 gnolls
  A shadow imp (D:6)
  2 oozes
  An adder zombie (D:4)
  7 worms
  3 dart slugs (D:3)
  9 giant geckos
  12 orcs
  14 giant cockroaches
  3 goblins
  8 hobgoblins
  14 jackals
  7 kobolds
  2 quokkas
  8 ball pythons
  11 bats
  A giant cockroach zombie (D:5)
  17 giant newts
  10 rats
177 creatures vanquished.

Notes
Turn   | Place    | Note
--------------------------------------------------------------
     0 | D:1      | utis the Deep Elf Earth Elementalist began the quest for the Orb.
     0 | D:1      | Reached XP level 1. HP: 10/10 MP: 6/6
   510 | D:1      | Reached XP level 2. HP: 15/15 MP: 6/8
  1265 | D:1      | Reached XP level 3. HP: 19/19 MP: 6/9
  1270 | D:1      | Learned a level 2 spell: Passwall
  1280 | D:1      | Learned a level 3 spell: Stone Arrow
  1707 | D:2      | Reached skill level 5 in Earth Magic
  1893 | D:2      | sigh
  1914 | D:2      | Reached XP level 4. HP: 18/24 MP: 7/10
  2392 | D:2      | Found a deep blue altar of Sif Muna.
  2976 | D:3      | Reached XP level 5. HP: 24/28 MP: 5/12
  3352 | D:3      | Found a glowing drain.
  3356 | Sewer    | Entered a sewer
  3446 | Sewer    | Learned a level 5 spell: Lee's Rapid Deconstruction
  3928 | Sewer    | Reached XP level 6. HP: 27/32 MP: 11/14
  4081 | D:3      | Noticed bl4d3's ghost (amateur GrFi)
  4506 | D:3      | Killed bl4d3's ghost
  4506 | D:3      | Reached skill level 1 in Fighting
  4506 | D:3      | Reached skill level 1 in Short Blades
  4858 | D:3      | Found an oddly glowing altar of Pakellas.
  5353 | D:3      | HP: 1/34 [kobold/club (4)]
  5998 | D:4      | Reached XP level 7. HP: 20/39 MP: 13/15
  7375 | D:5      | Entered Level 5 of the Dungeon
  7548 | D:5      | Reached skill level 5 in Dodging
  7598 | D:5      | Found a glowing golden altar of the Shining One.
  7871 | D:5      | Reached skill level 1 in Armour
  7871 | D:5      | Reached XP level 8. HP: 35/46 MP: 16/16
  8520 | D:5      | Became a worshipper of the Shining One
  8521 | D:5      | fuck
  9689 | D:6      | Found a staircase to the Ecumenical Temple.
  9704 | Temple   | Entered the Ecumenical Temple
  9971 | Temple   | Fell from the grace of the Shining One
  9971 | Temple   | Became a worshipper of Elyvilon the Healer
 10533 | D:6      | Noticed Pikel
 10564 | D:6      | Killed Pikel
 10664 | D:6      | Noticed Galewind's ghost (novice DrCj)
 10699 | D:6      | Slain by Galewind's ghost

Vault maps used:
D:1:      lightli_arrival_statuegarden
D:2:      kennysheep_goblin_castle, nicolae_overflow_crystal_walls,
          minmay_newt_pond
D:3:      grunt_pakellas_basics, gup_sewer_entry_bowl, minivault_23
D:4:      serial_bayou_lagoon_a
D:5:      basic_altar, first_bread
D:6:      grunt_dithmenos_shadows, lemuel_doored_altar, serial_shops,
          nicolae_shop_stone, uniq_pikel
Temple:   chambers_temple_14
Sewer:    sewer_frog_island_01

Skill      XL: |  1  2  3  4  5  6  7  8 |
---------------+-------------------------+-----
Earth Magic    | 4 5 6 7 |  7.0
Spellcasting   | 4 |  4.2
Fighting       | 1 3 4 |  4.9
Short Blades   | 1 3 |  3.0
Dodging        | 3 5 7 |  7.5
Armour         | 1 2 |  2.5
Stealth        | |  2.4
Transmutations | |  1.1

Action                   |  1- 3 |  4- 6 |  7- 9 || total
-------------------------+-------+-------+-------++-------
Melee: Unarmed           |     1 |       |       ||     1
       Club              |     1 |       |       ||     1
       Short sword       |       |    97 |    37 ||   134
       Dagger            |       |    71 |   189 ||   260
 Fire: Hunting sling     |       |    14 |       ||    14
Throw: Tomahawk          |       |     5 |    11 ||    16
 Cast: Sandblast         |    67 |    89 |    34 ||   190
       Stone Arrow       |       |     4 |    10 ||    14
  Use: Scroll            |     6 |     2 |     3 ||    11
       Potion            |       |       |     2 ||     2
 Stab: Sleeping          |       |     4 |     1 ||     5
       Distracted        |       |       |     1 ||     1
  Eat: Chunk             |     3 |    13 |    13 ||    29
       Royal jelly       |       |       |     1 ||     1
